 Dungeon Crawl Stone Soup version 0.29.1-15-g9cfb28693d (webtiles) character file.

Game seed: 16012620619491969189

114 DemonSlayer the Digger (level 4, -1/45 HPs)
             Began as a Demonspawn Earth Elementalist on May 20, 2023.
             Was an Initiate of Dithmenos.
             Slain by an orc
             ... wielding a +0 whip
              (3 damage)
             ... on level 3 of the Dungeon.
             The game lasted 00:06:38 (2432 turns).

DemonSlayer the Digger (DsEE)                       Turns: 2432, Time: 00:06:41

Health: -1/45      AC: 22    Str:  8    XL:     4   Next: 67%
Magic:  8/8        EV:  2    Int: 16    God:    Dithmenos [......]
Gold:   124        SH:  0    Dex: 20    Spells: 8/9 levels left

rFire   . . .      SeeInvis .   k - +0 dagger
rCold   . . .      Faith    .   (no shield)
rNeg    . . .      Spirit   .   (body armour currently unavailable)
rPois   +          Reflect  .   (helmet currently unavailable)
rElec   .          Harm     .   (cloak currently unavailable)
rCorr   .          Rampage  .   (gloves currently unavailable)
Will    .....      NoTele   +   (boots currently unavailable)
Stlth   +.........              o - amulet of magic regeneration
HPRegen 0.15/turn               e - +6 ring of dexterity
MPRegen 0.51/turn               i - +4 ring of evasion

@: confused, tree-form, ambrosia-drunk
A: stationary, stasis, torment immunity, boosted hp, (slimy green scales 1),
ignite blood 2, (large bone plates 1), clumsy 1
a: Renounce Religion


You were on level 3 of the Dungeon.
You worshipped Dithmenos.
Dithmenos was noncommittal.
You were a tree.
You visited 1 branch of the dungeon, and saw 3 of its levels.

You collected 124 gold pieces.

Inventory:

Hand Weapons
 k - a +0 dagger (weapon)
Armour
 a - a +0 robe (melded)
 g - a +0 helmet (melded)
Jewellery
 e - a +6 ring of dexterity (left branch)
 i - a +4 ring of evasion (right branch)
 o - an amulet of magic regeneration (around neck)
Wands
 p - a wand of digging (8)
Scrolls
 c - a scroll of teleportation {unknown}
 j - 2 scrolls of enchant armour
 n - a scroll of identify
 q - a scroll of magic mapping {unknown}
Potions
 b - a potion of magic
 d - a potion of lignification
 f - 2 potions of attraction
 h - a potion of curing


   Skills:
 + Level 0.1 Short Blades
 + Level 1.9 Dodging
 + Level 2.3 Stealth
 + Level 3.2 Spellcasting
 + Level 0.8 Transmutations
 + Level 3.9 Earth Magic


You had 8 spell levels left.
You knew the following spells:

 Your Spells              Type           Power      Damage    Failure   Level
a - Sandblast             Erth           30%        2d9       3%          1

Your spell library contained the following spells:

 Spells                   Type           Power      Damage    Failure   Level
 Passwall                 Tmut/Erth      8%         N/A       11%         2
 Sting                    Tmut/Pois      12%        1d3       16%         1
 Stone Arrow              Conj/Erth      16%        3d8       24%         3
 Poisonous Vapours        Pois/Air       4%         N/A       28%         2
 Petrify                  Tmut/Erth      10%        N/A       56%         4
 Olgreb's Toxic Radiance  Pois           2%         N/A       88%         4


Dungeon Overview and Level Annotations

Branches:
Dungeon (3/15)

Altars:
Dithmenos

Shops:
D:1 (


Innate Abilities, Weirdness & Mutations

You are a tree.
Your roots penetrate the ground, keeping you stationary.
You cannot be teleported.
You are immune to unholy pain and torment.
Your maximum health is greatly increased.
Your equipment is partially melded.
((You are partially covered in slimy green scales. (AC +2)))
Your demonic aura often causes spilled blood to erupt in flames.
((You are partially covered in large bone plates. (SH +4)))
You are clumsy. (Dex -2)


Message History

You are more confused.
The orc priest invokes the aid of Beogh against you.
Beogh smites you!
* * * LOW HITPOINT WARNING * * *
Something hits you but does no damage. The orc hits you but does no damage.
Unknown command.
Unknown command.
You are more confused.
You feel invigorated. The orc barely misses you.
The orc wizard hits you but does no damage.
Something hits you but does no damage. The orc hits you but does no damage.
You cannot move. (Use ctrl+direction or * direction to attack while stationary and confused.)
There are monsters nearby!
There are monsters nearby!
There are monsters nearby!
There are monsters nearby!
There are monsters nearby!
There are monsters nearby!
There are monsters nearby!
There are monsters nearby!
There are monsters nearby!
There are monsters nearby!
You attack the rock wall.
The orc hits you but does no damage.
The orc wizard points at you and mumbles some strange words.
The puff of flame hits you but does no damage.
Something hits you but does no damage. The orc hits you with a +0 whip.
* * * LOW HITPOINT WARNING * * *
You attack the rock wall.
The orc hits you but does no damage.
The orc wizard hits you but does no damage.
Something hits you.
* * * LOW HITPOINT WARNING * * *
The orc hits you but does no damage.
You swing at nothing.
The orc hits you but does no damage.
The orc wizard points at you and mumbles some strange words.
You are more confused.
The orc priest invokes the aid of Beogh against you.
Beogh smites you!
* * * LOW HITPOINT WARNING * * *
Something hits you but does no damage. The orc hits you with a +0 whip.
You die...

####### #.....# #.###.#
#.# #.#
################.###.####
##.....oo♣o.....#.........
#.......o{......####.####.
#.......................#.
#.......................#.
#.........................
#.........................
#...###...................
#... ######..............
#).. ................


You could see an orc priest, an orc wizard and 2 orcs.

Vanquished Creatures
  3 adders
  3 worms (D:2)
  11 dart slugs
  2 endoplasms
  3 giant cockroaches
  3 goblins
  4 hobgoblins
  3 kobolds (D:2)
  5 quokkas
  7 ball pythons
  4 bats
  3 frilled lizards
  5 rats
56 creatures vanquished.

Notes
Turn   | Place    | Note
-------+----------+-------------------------------------------
     0 | D:1      | DemonSlayer the Demonspawn Earth Elementalist began the
                  | quest for the Orb.
     0 | D:1      | Reached XP level 1. HP: 13/13 MP: 3/3
    42 | D:1      | Found Hesu's Weapon Shop.
   384 | D:1      | Gained mutation: Your demonic aura sometimes causes spilled
                  | blood to erupt in flames. [demonic ancestry]
   384 | D:1      | Reached XP level 2. HP: 19/19 MP: 1/5
  1055 | D:2      | Gained mutation: You are partially covered in slimy green
                  | scales. (AC +2) [demonic ancestry]
  1055 | D:2      | Reached XP level 3. HP: 24/24 MP: 3/6
  1911 | D:2      | Gained mutation: Your demonic aura often causes spilled
                  | blood to erupt in flames. [demonic ancestry]
  1911 | D:2      | Reached XP level 4. HP: 30/30 MP: 8/8
  2137 | D:3      | Found a shadowy altar of Dithmenos.
  2146 | D:3      | Became a worshipper of Dithmenos the Shadowed
  2419 | D:3      | Gained mutation: You are partially covered in large bone
                  | plates. (SH +4) [potion of mutation]
  2419 | D:3      | Gained mutation: You are clumsy. (Dex -2) [potion of
                  | mutation]
  2428 | D:3      | HP: 1/45 [orc priest/divine providence (10)]
  2432 | D:3      | Slain by an orc

Illustrated notes

Levels and vault maps discovered:
D:1:      dpeg_arrival_oval, layout_basic, serial_shops,
          nicolae_shop_temple_entry_statues_fountains
D:2:      layout_loops_cross
D:3:      kennysheep_slugbush, layout_basic, grunt_dithmenos_smoke,
          serial_shops, nicolae_shop_temple_entry_statues_fountains

Skill      XL: |  1  2  3  4 |
---------------+-------------+-----
Earth Magic    | 3 |  3.9
Stealth        | 2 |  2.3
Spellcasting   | 3 |  3.2
Short Blades   | |  0.1
Dodging        | |  1.9
Transmutations | |  0.8

Action                   |  1- 3 |  4- 6 || total
-------------------------+-------+-------++-------
Melee: Unarmed           |     1 |       ||     1
       Dagger            |     9 |    15 ||    24
 Cast: Sandblast         |    58 |    28 ||    86
  Use: Potion            |       |     5 ||     5
       Scroll            |       |     4 ||     4
 Stab: Sleeping          |     4 |     2 ||     6
Armor: Robe              |     3 |     7 ||    10
       Skin              |       |    41 ||    41
Dodge: Dodged            |    27 |    32 ||    59
